AoeStats
← Huskarls4

African Clearing

504225437Analyzed
4v4 RM · 2mo ago on Sep 4, 2026· 27m 38s· 8 players
Game mode
Random Map
Map size
Large (8 player)
Population
200
Speed
Normal
Resources
Standard
Victory
Conquest
Starting age
Dark Age
Ending age
Imperial Age
RankedLock teamsTeams togetherTeam positionsShared explorationLock speedFull tech treeHidden civsTurbo modeCheats
Victory
Defeat
🇯🇴 Ethiopians · Jordan
1617
+12
🇨🇳 Gurjaras · China
1546
+15
🇨🇳 Spanish · China
1545
+15
🇨🇳 Franks · China
1532
+15
vs
🇨🇦 Japanese · Canada
1572
-16
🇧🇪 Teutons · Belgium
1528
-15
🇬🇧 Malay · United Kingdom
1528
-15
🇩🇪 Dravidians · Germany
1456
-11
shenxu
11:42 Feudal Age
12:11 Double-Bit Axe
15:03 Loom
19:31 Castle Age
17:24 Horse Collar
18:35 Bloodlines
19:18 Scale Barding Armor
20:13 Forging
20:56 Light Cavalry
22:40 Chain Barding Armor
25:55 Wheelbarrow
25:05 Town Watch
CAPTAINKILL
3:22 Loom
14:35 Feudal Age
15:05 Double-Bit Axe
19:44 Castle Age
18:22 Gold Mining
18:35 Padded Archer Armor
21:09 Crossbowman
22:42 Fletching
26:37 Wheelbarrow
26:37 Bodkin Arrow
nono
13:57 Feudal Age
12:31 Loom
17:24 Castle Age
15:40 Double-Bit Axe
15:56 Town Watch
16:00 Horse Collar
16:30 Town Watch
18:25 Bow Saw
月月
3:34 Loom
3:46 Loom
8:07 Loom
11:50 Feudal Age
19:35 Castle Age
19:20 Fletching
Huskarls4
3:49 Loom
14:10 Feudal Age
19:03 Castle Age
Matzeking
11:58 Feudal Age
12:41 Loom
12:48 Double-Bit Axe
15:22 Fletching
23:00 Castle Age
20:58 Horse Collar
22:04 Padded Archer Armor
23:53 Bow Saw
23:40 Bodkin Arrow
24:28 Crossbowman
25:23 Town Watch
Benitto Burrito
3:12 Loom
14:39 Feudal Age
18:46 Castle Age
16:43 Stone Mining
16:55 Double-Bit Axe
18:06 Town Watch
19:24 Fletching
bullseyes
3:39 Loom
13:19 Feudal Age
17:20 Castle Age
15:21 Double-Bit Axe
16:15 Scale Barding Armor
17:13 Town Watch
19:09 Wheelbarrow
19:50 Wheelbarrow
Connection lost

Rejoining the realm…

Still unreachable

The connection could not be restored.

Session expired

The server has moved on; the page needs a fresh start.